Map: Royal Blood LE

Players

Spazymazy

  • Race: Zerg Zerg
  • Spawn Location: 1:00

RagnaroK (SHIN) - Winner!

  • Race: Zerg Zerg
  • Spawn Location: 7:00

Event: ESL SC2 Masters 2023 Summer (Finals)

VOD

Have the link to the VOD?

Description

Time

  • Played on: June 16, 2023, 10:36 a.m.
  • Length: 7:04

All games in this series

Show
View Real Time Build Order
Export as new Build Order

Spazymazy Zerg 

Build Orders: Pool First 

Get SALT Encoding   

  12  0:00  Drone  
  13  0:11  Overlord  
  13  0:17  Drone  
  14  0:30  Drone x2  
  16  0:40  Spawning Pool  
  15  0:44  Drone  
  15  0:47  Drone  
  17  1:07  Hatchery  
  17  1:11  Drone  
  17  1:14  Extractor  
  16  1:28  Zergling x6  
  16  1:31  Queen  
  21  1:39  Overlord  
  21  1:50  Drone  
  22  2:00  Drone  
  23  2:07  Queen  
  25  2:11  Drone  
  25  2:15  Metabolic Boost  
  26  2:21  Drone  
  27  2:25  Drone  
  28  2:30  Drone  
  29  2:42  Hatchery  
  28  2:45  Drone x2  
  28  2:47  Drone  
  28  2:49  Drone  
  32  2:52  Drone  
  33  2:59  Overlord  
  33  3:04  Drone  
  34  3:10  Baneling Nest  
  34  3:12  Drone x2  
  35  3:16  Drone  
  35  3:17  Drone  
  37  3:20  Overlord  
  37  3:22  Drone  
  37  3:25  Drone  
  39  3:27  Drone  
  39  3:30  Drone  
  39  3:33  Roach Warren  
  41  3:34  Drone  
  41  3:39  Overlord  
  42  3:45  Drone  
  43  3:49  Drone  
  43  3:51  Drone x2  
  43  3:53  Extractor  
  45  3:56  Overlord  
  45  4:00  Queen  
  47  4:06  Drone x3  
  47  4:08  Drone  
  49  4:13  Zergling x2  
  49  4:14  Zergling x6  
  53  4:17  Roach x2  
  53  4:23  Evolution Chamber  
  55  4:29  Extractor  
  55  4:30  Roach  
  56  4:31  Evolution Chamber  
  56  4:32  Roach x2  
  56  4:34  Evolution Chamber  
  56  4:36  Roach x2  
  57  4:43  Roach  
  55  4:47  Roach x2, Zergling x2  
  55  4:52  Roach  
  61  4:58  Overlord  
  57  5:06  Overlord  
  52  5:10  Drone  
  51  5:21  Drone x4  
  51  5:22  Baneling Nest  
  51  5:26  Roach x3  
  59  5:33  Ravager x2  
  61  5:39  Overlord  
  61  5:42  Overlord  
  61  5:43  Ravager  
  61  5:48  Overlord  
  62  5:52  Ravager  
  63  5:57  Overlord  
  63  6:04  Roach x2  
  67  6:09  Zergling x16  
  74  6:15  Zergling x6  
  77  6:20  Zergling x4  
  79  6:28  Zergling x10  
  84  6:35  Baneling  
  84  6:36  Baneling x8  
  84  6:38  Zergling x2  
Show
View Real Time Build Order
Export as new Build Order

RagnaroK Zerg - Winner!

Build Orders: Hatch First 

Get SALT Encoding   

  12  0:00  Drone  
  13  0:08  Drone  
  14  0:16  Overlord  
  14  0:35  Drone x2  
  16  0:47  Hatchery  
  15  0:50  Drone  
  15  0:54  Drone  
  17  0:58  Drone  
  18  1:09  Extractor  
  17  1:13  Spawning Pool  
  17  1:16  Drone  
  17  1:19  Drone  
  18  1:29  Drone  
  19  1:39  Drone  
  20  1:50  Drone  
  21  1:59  Queen  
  21  2:00  Queen, Drone  
  26  2:01  Zergling x2  
  27  2:11  Overlord, Zergling x2  
  27  2:30  Drone x2  
  27  2:31  Drone  
  27  2:33  Drone  
  31  2:37  Queen x2  
  31  2:41  Overlord  
  31  2:44  Drone  
  36  2:51  Evolution Chamber  
  36  2:52  Drone  
  36  2:57  Metabolic Boost  
  36  3:00  Drone  
  36  3:02  Roach Warren  
  36  3:03  Drone  
  36  3:05  Drone  
  38  3:09  Drone x2  
  38  3:10  Drone  
  41  3:17  Overlord  
  41  3:24  Overlord  
  41  3:34  Zergling x2  
  41  3:35  Zergling x4  
  41  3:36  Zerg Missile Weapons Level 1  
  41  3:37  Zergling x2  
  46  3:41  Zergling x8  
  46  3:46  Zergling x6  
  52  3:49  Zergling x2  
  52  3:54  Overlord  
  53  3:59  Zergling x2  
  53  4:04  Zergling x2  
  53  4:09  Drone x3  
  56  4:11  Drone  
  56  4:14  Drone  
  56  4:16  Drone  
  59  4:17  Drone  
  59  4:22  Hatchery  
  59  4:23  Drone x2  
  61  4:28  Extractor  
  61  4:30  Extractor  
  58  4:32  Lair  
  58  4:33  Drone x2  
  58  4:37  Drone  
  58  4:38  Drone x2  
  63  4:40  Drone  
  63  4:45  Drone  
  64  4:51  Roach  
  64  4:55  Roach  
  64  4:56  Roach  
  67  5:01  Overlord  
  67  5:02  Overlord  
  67  5:04  Overlord  
  67  5:07  Roach  
  66  5:13  Roach  
  67  5:15  Overlord  
  67  5:16  Overlord  
  67  5:21  Roach  
  67  5:22  Roach  
  67  5:23  Roach  
  67  5:24  Roach x2  
  67  5:25  Roach  
  79  5:29  Roach  
  79  5:32  Glial Reconstitution  
  81  5:38  Roach  
  81  5:41  Roach  
  81  5:42  Roach  
  87  5:46  Roach  
  87  5:47  Overlord  
  87  5:49  Roach  
  91  5:50  Overlord  
  91  5:51  Roach  
  91  5:53  Roach  
  91  5:57  Roach  
  97  6:00  Roach  
  99  6:04  Overlord  
  99  6:05  Roach, Drone  
  99  6:06  Drone  
  99  6:08  Roach  
  105  6:12  Roach, Drone  
  105  6:13  Drone x3  
  105  6:15  Roach  
  113  6:19  Overlord  
  113  6:22  Overlord, Overseer  
  113  6:26  Roach  
  113  6:31  Overlord  
  114  6:36  Roach x4  
  114  6:38  Roach  
  124  6:40  Roach  
  124  6:43  Roach  
Tags
 
Add a new tag
Caveats
  • Supply blocks, unpowered buildings, or Contaminate may cause inaccurate times.
  • Supply counts are checked every 10 seconds.